 Dungeon Crawl Stone Soup version 0.18.1-48-g4cf74bf (webtiles) character file.

50 nikopol the Chopper (level 3, -11/33 HPs)
             Began as a Minotaur Berserker on Aug 27, 2016.
             Was a Believer of Trog.
             Mangled by Sigmund
             ... wielding a +0 scythe
              (18 damage)
             ... on level 2 of the Dungeon.
             The game lasted 00:01:56 (1173 turns).

nikopol the Chopper (Minotaur Berserker)            Turns: 1173, Time: 00:01:57

Health: -11/33     AC:  6    Str: 21    XL:     3   Next: 55%
Magic:  2/2        EV: 11    Int:  4    God:    Trog [**....]
Gold:   98         SH:  0    Dex: 10    Spells: 0 memorised, 2 levels left

rFire  . . .     SeeInvis .     a - +0 hand axe
rCold  . . .     Gourm    .     f - +0 ring mail
rNeg   . . .     Faith    .     (no shield)
rPois  .         Spirit   .     (helmet restricted)
rElec  .         Dismiss  .     (no cloak)
rCorr  .         Reflect  .     h - +0 pair of gloves
SustAt .         Harm     .     (no boots)
MR     .....                    (no amulet)
Stlth  ..........               (no ring)
                                (no ring)

@: exhausted, slowed, very slow, not resistant to hostile enchantments,
extremely unstealthy
A: retaliatory headbutt, horns 2
a: Berserk, Trog's Hand, Burn Spellbooks, Renounce Religion


You were on level 2 of the Dungeon.
You worshipped Trog.
Trog was pleased with you.
You were hungry.

You visited 1 branch of the dungeon, and saw 2 of its levels.

You collected 98 gold pieces.

Inventory:

Hand Weapons
 a - a +0 hand axe (weapon)
Armour
 b - a +0 animal skin
 f - a +0 ring mail (worn)
 h - a +0 pair of gloves (worn)
Scrolls
 e - 4 scrolls of identify {unknown}
 g - a scroll of teleportation {unknown}
 j - a scroll of enchant weapon {unknown}
 m - 2 scrolls of remove curse {unknown}
 o - 2 scrolls of enchant armour {unknown}
 p - a scroll of fog {unknown}
Potions
 d - 2 potions of flight {unknown}
 i - a potion of curing {unknown}
 q - a potion of beneficial mutation {unknown}
 r - a potion of brilliance {unknown}
 s - a potion of might
 t - a potion of ambrosia {unknown}
Comestibles
 c - a bread ration
 k - a chunk of flesh
 l - a meat ration
 n - a beef jerky


   Skills:
 + Level 4.2 Fighting
 + Level 4.3 Axes
 + Level 3.2 Armour
 + Level 2.5 Dodging


You had 2 spell levels left.
You didn't know any spells.

Dungeon Overview and Level Annotations

Branches:
Dungeon (2/15)

Altars:

Annotations:
D:2 Sigmund


Innate Abilities, Weirdness & Mutations

You reflexively headbutt those who attack you in melee.
You have a pair of horns on your head.


Message History

You bump into the rock wall.
Sigmund barely misses you.
You miss Sigmund. You headbutt Sigmund!!
Sigmund is severely wounded.
You bump into the rock wall.
You feel a strong urge to attack something.
Sigmund hits you from afar with a scythe!
You feel your anger subside.
You are no longer berserk.
You are exhausted.
You feel yourself slow down.
You are feeling hungry.
Sigmund gestures wildly while chanting.
Sigmund flickers and vanishes!
Deactivating autopickup; reactivate with Ctrl-A.
You bump into the rock wall.
You feel less confused. Something hits you.
* * * LOW HITPOINT WARNING * * *
Something hits you!!
Ouch! That really hurt!
You die...

############
####..........#
.....########.#
...........
#.#############
###########
#...@...†...... #
####........... #
.....########## #
###### # #
############# #
#...........# ###
#.##.##.###.# ....
########.##.##>###.#


There were no monsters in sight!

Vanquished Creatures
  An adder (D:2)
  3 oozes (D:1)
  2 giant geckos
  3 bats
  2 giant cockroaches (D:2)
  2 goblins (D:2)
  6 hobgoblins
  A quokka (D:2)
  2 giant newts
  A kobold (D:1)
  3 rats
26 creatures vanquished.

Notes
Turn   | Place    | Note
--------------------------------------------------------------
     0 | D:1      | nikopol the Minotaur Berserker began the quest for the Orb.
     0 | D:1      | Reached XP level 1. HP: 19/19 MP: 0/0
   317 | D:1      | Reached XP level 2. HP: 23/27 MP: 1/1
   849 | D:2      | Reached XP level 3. HP: 33/33 MP: 2/2
  1157 | D:2      | Noticed Sigmund
  1164 | D:2      | Reached ** piety under Trog
  1173 | D:2      | Mangled by Sigmund

Skill      XL: |  1  2 |
---------------+-------+-----
Axes           | 4 |  4.3
Armour         | 3 |  3.2
Fighting       | 4 |  4.2
Dodging        | |  2.5

Action                   || total
-------------------------++-------
Melee: Hand axe          ||    56
       Headbutt          ||     4
Invok: Berserk           ||     1
  Eat: Chunk             ||     1
Armor: Ring mail         ||    29
Dodge: Dodged            ||    30
